 Dungeon Crawl Stone Soup version 0.27-a0-1296-g8ece459b43 (webtiles) character file.

Game seed: 9727848912952453665

53 HAL9000 the Sneak (level 3, -1/18 HPs)
             Began as a Vine Stalker Brigand on June 16, 2021.
             Slain by an orc (5 damage)
             ... on level 3 of the Dungeon.
             The game lasted 00:01:50 (2207 turns).

HAL9000 the Sneak (Vine Stalker Brigand)            Turns: 2207, Time: 00:01:52

Health: -1/18      AC:  3    Str: 14    XL:     3   Next: 87%
Magic:  0/4        EV: 11    Int: 11    God:
Gold:   76         SH:  0    Dex: 15    Spells: 2/2 levels left

rFire    . . .     SeeInvis .   a - +2 dagger
rCold    . . .     Faith    .   (no shield)
rNeg     . . .     Spirit   +   b - +0 robe
rPois    .         Reflect  .   (no helmet)
rElec    .         Harm     .   c - +0 cloak
rCorr    .         Rampage  .   (no gloves)
Will     .....                  (no boots)
Stlth    +++.......             (no amulet)
HPRegen  0.06/turn              (no ring)
MPRegen  0.09/turn              (no ring)

@: no status effects
A: fangs 2, magic shield, antimagic bite, no potion heal 2
a: no special abilities


You were on level 3 of the Dungeon.
You visited 1 branch of the dungeon, and saw 3 of its levels.

You collected 76 gold pieces.

Inventory:

Hand Weapons
 a - a +2 dagger (weapon)
 k - a +0 dagger of venom
Missiles
 d - 7 poisoned darts (quivered)
 e - 2 curare-tipped darts
Armour
 b - a +0 robe (worn)
 c - a +0 cloak (worn)
Scrolls
 h - a scroll of identify {unknown}
 j - a scroll of fog {unknown}
 l - a scroll of blinking {unknown}
 o - a scroll of noise {unknown}
Potions
 f - a potion of heal wounds {unknown}
 g - a potion of mutation {unknown}
 i - a potion of attraction {unknown}
 m - a potion of degeneration {unknown}
 n - a potion of flight {unknown}


   Skills:
 - Level 1.7 Fighting
 - Level 1.7 Short Blades
 - Level 1.7 Throwing
 - Level 0.7 Dodging
 + Level 6.8 Stealth


You had 2 spell levels left.
You didn't know any spells.
Your spell library contained the following spells:

 Spells                   Type           Power      Damage    Failure   Level
 Corona                   Hex            0%         N/A       34%         1
 Ensorcelled Hibernation  Hex/Ice        0%         N/A       47%         2
 Confusing Touch          Hex            0%         N/A       71%         3
 Dazzling Flash           Conj/Hex       0%         N/A       71%         3
 Tukima's Dance           Hex            0%         N/A       71%         3


Dungeon Overview and Level Annotations

Branches:
Dungeon (3/15)

Altars:

Annotations:
D:3 Jessica


Innate Abilities, Weirdness & Mutations

You have extremely sharp teeth.
When hurt, damage is shared between your health and your magic reserves.
Your bite disrupts and absorbs the magic of your enemies.
Potions cannot restore your health.


Message History

A hobgoblin comes into view.
The hobgoblin shouts!
Found a scroll labelled KOVUAVV ZEOCH and a ring mail.
There is a stone staircase leading up here.
Unknown command.
A hobgoblin is nearby!
A hobgoblin is nearby!
The hobgoblin barely misses you.
You barely miss the hobgoblin. Your bite misses the hobgoblin.
You hit the hobgoblin.
The hobgoblin is lightly wounded.
The hobgoblin misses you.
You hit the hobgoblin.
The hobgoblin is almost dead.
The hobgoblin closely misses you.
You hit the hobgoblin.
You kill the hobgoblin!
No target in view!
o - a scroll labelled KOVUAVV ZEOCH An orc comes into view.
It is wielding a +0 hand axe.
The orc shouts!
You hear a shout!
The orc moves out of view.
Jessica the Apprentice Sorceress comes into view.
She is wielding a +0 club.
Jessica casts a spell at you. Pain shoots through your body!
Found a leatherbound book.
You closely miss the orc. You bite the orc, but do no damage.
The orc hits you with a +0 hand axe.
You hit the orc but do no damage. You bite the orc. You drain its power.
You feel invigorated.
The orc is moderately wounded.
The orc barely misses you.
You hit the orc but do no damage. You bite the orc, but do no damage.
The orc is moderately wounded.
Jessica casts a spell at you. Pain shoots through your body!
Ouch! That really hurt!
* * * LOW HITPOINT WARNING * * *
The orc hits you with a +0 hand axe.
You die...

#########
#.......################
........................
#......@######..........
#......o#.####..........
#....@..#.........<.....
........#.####..........
........# #..........
.#....#.. #...[......
#....#.# ###########
#....:..


You could see Jessica and an orc.

Vanquished Creatures
  An adder (D:2)
  A dart slug (D:2)
  2 worms (D:2)
  10 ball pythons
  3 endoplasms (D:2)
  2 giant cockroaches (D:1)
  A hobgoblin (D:3)
  2 jackals (D:1)
  2 quokkas
  6 bats
  A goblin (D:1)
  3 rats
34 creatures vanquished.

Notes
Turn   | Place    | Note
-------+----------+-------------------------------------------
     0 | D:1      | HAL9000 the Vine Stalker Brigand began the quest for the
                  | Orb.
     0 | D:1      | Reached XP level 1. HP: 11/11 MP: 2/2
     0 | D:1      | Noticed a ghoul
     0 | D:1      | Noticed a vampire
     5 | D:1      | Noticed a naga
     6 | D:1      | Noticed a felid
     7 | D:1      | Noticed a felid
     8 | D:1      | Noticed a naga
     9 | D:1      | Noticed a gargoyle
    11 | D:1      | Noticed a draconian
    11 | D:1      | Noticed a troll
    13 | D:1      | Noticed a formicid
    15 | D:1      | Noticed a formicid
    15 | D:1      | Noticed a formicid
    17 | D:1      | Noticed a naga
    19 | D:1      | Noticed a vine stalker
    19 | D:1      | Noticed an ogre
    95 | D:1      | Reached skill level 5 in Stealth
   564 | D:1      | Reached XP level 2. HP: 10/15 MP: 3/3
   738 | D:1      | Found a faded altar of an unknown god.
  1397 | D:2      | Reached skill level 6 in Stealth
  1419 | D:2      | Reached XP level 3. HP: 18/18 MP: 4/4
  2203 | D:3      | Noticed Jessica
  2207 | D:3      | Slain by an orc

Illustrated notes

Levels and vault maps discovered:
D:1:      shiori_arrival_whats_in_store_for_you, layout_basic,
          shapermc_ecumenical_altar_venn
D:2:      layout_loops_ring, grunt_ministairs_10
D:3:      layout_basic, grunt_decor_cap, uniq_jessica

Skill      XL: |  1  2 |
---------------+-------+-----
Stealth        | 5 6 |  6.8
Fighting       | |  1.7
Short Blades   | |  1.7
Throwing       | |  1.7
Dodging        | |  0.7

Action                   || total
-------------------------++-------
Melee: Dagger            ||    90
       Bite              ||    19
Throw: Dart              ||     4
 Stab: Sleeping          ||    11
       Distracted        ||     1
Armor: Robe              ||    21
Dodge: Dodged            ||    73

Table legend: (Time is in decaauts)
 A = Elapsed time spent in this place.
 B = Non-inter-level travel time spent in this place.
 C = Inter-level travel time spent in this place.
 D = Time resting spent in this place.
 E = Time spent auto-exploring this place.
 F = Levels seen in this place.
 G = Mean time per level.
                   A        B        C        D        E       F      G
               +--------+--------+--------+--------+--------+-----+--------+
         Total |   2198 |   2135 |     63 |    572 |   1328 |   3 |  732.7 |
       Dungeon |   2198 |   2135 |     63 |    572 |   1328 |   3 |  732.7 |
               +--------+--------+--------+--------+--------+-----+--------+

Top non-repeatable levels by time:
     D:1: 1386 daAuts
     D:2: 789 daAuts
     D:3: 22 daAuts
